 Dungeon Crawl Stone Soup version 0.27.1-33-g824d729ab1 (webtiles) character file.

Game seed: 7348784059390119622

8 alasdair19 the Covered (level 2, -1/27 HPs)
             Began as a Minotaur Fighter on Dec 12, 2021.
             Frozen to death by an endoplasm (5 damage)
             ... on level 1 of the Dungeon.
             The game lasted 00:00:35 (257 turns).

alasdair19 the Covered (Minotaur Fighter)            Turns: 257, Time: 00:00:35

Health: -1/27      AC:  7    Str: 20    XL:     2   Next: 0%
Magic:  1/1        EV:  7    Int:  5    God:
Gold:   0          SH:  9    Dex:  9    Spells: 1/1 levels left

rFire    . . .     SeeInvis .   a - +0 long sword
rCold    . . .     Faith    .   c - +0 kite shield
rNeg     . . .     Spirit   .   b - +0 scale mail
rPois    .         Reflect  .   (helmet restricted)
rElec    .         Harm     .   (no cloak)
rCorr    .         Rampage  .   (no gloves)
Will     .....                  (no boots)
Stlth    ..........             (no amulet)
HPRegen  0.09/turn              (no ring)
MPRegen  0.07/turn              (no ring)

@: no status effects
A: horns 2, retaliatory headbutt
a: no special abilities


You were on level 1 of the Dungeon.
You visited 1 branch of the dungeon, and saw 1 of its levels.

Inventory:

Hand Weapons
 a - a +0 long sword (weapon)
Armour
 b - a +0 scale mail (worn)
 c - a +0 kite shield (worn)
Potions
 d - a potion of might


   Skills:
 + Level 3.8 Fighting
 + Level 2.5 Long Blades
 + Level 3.8 Armour
 + Level 3.8 Shields


You had one spell level left.
You didn't know any spells.
Your spell library was empty.

Dungeon Overview and Level Annotations

Branches:
Dungeon (1/15)

Altars:


Innate Abilities, Weirdness & Mutations

You have a pair of horns on your head.
You reflexively headbutt those who attack you in melee.


Message History

A kobold comes into view. It is wielding a +0 dagger.
Your unstable footing causes you to fumble your attack.
The kobold shouts!
You block the endoplasm's attack.
You completely miss the endoplasm. The endoplasm freezes you.
You are frozen.
You block the kobold's attack.
Your unstable footing causes you to fumble your attack.
The endoplasm barely misses you.
The kobold splashes around in the water.
You block the endoplasm's attack. The kobold closely misses you.
Your unstable footing causes you to fumble your attack.
The endoplasm freezes you.
You are frozen.
The kobold hits you with a +0 dagger.
Your unstable footing causes you to fumble your attack.
The endoplasm freezes you.
You are frozen.
The kobold hits you but does no damage. The endoplasm closely misses you.
The kobold splashes around in the water.
You closely miss the kobold. You headbutt the kobold.
You kill the kobold!
You hear a splash.
You block the endoplasm's attack. The endoplasm freezes you.
You are frozen.
* * * LOW HITPOINT WARNING * * *
You have reached level 2!
Things that are here:
a +0 dagger; a kobold corpse You hit the endoplasm.
The endoplasm is moderately wounded.
The endoplasm closely misses you. The endoplasm freezes you.
You are frozen.
* * * LOW HITPOINT WARNING * * *
Your shield prevents you from hitting the endoplasm.
The endoplasm is moderately wounded.
The endoplasm freezes you.
You are frozen.
You die...

#..≈♣≈P≈≈≈P≈≈≈≈≈≈≈≈
#.≈♣≈P≈≈≈≈≈≈≈≈≈≈≈≈≈
#.≈♣≈≈≈≈P≈P≈≈≈≈≈≈≈≈
#.♣♣≈≈♣≈≈P≈≈≈≈≈≈≈≈≈ #
#..♣♣≈P≈≈P≈≈≈≈≈≈≈≈≈
#.###.#♣♣≈≈≈≈≈♣≈≈≈≈≈≈≈
#....K.≈♣♣≈≈≈≈≈≈≈≈≈≈≈≈
#.##.J##≈≈≈≈≈≈≈≈≈P≈≈≈♣
#.@# #.♣≈♣♣≈♣♣♣≈♣♣♣
#..# #.#..#)≈♣≈♣♣≈♣
#..###.##.#..##....
#..##.....†.....##.
#..##..##.#####....
#.###..##.#####.⌠..
#....>.##........##
#.####.#######...#<
#.# #.# #...#'


You could see an endoplasm and a kobold.

Vanquished Creatures
  2 ball pythons (D:1)
  An endoplasm (D:1)
  A giant cockroach (D:1)
  A bat (D:1)
  A goblin (D:1)
  A kobold (D:1)
  A rat (D:1)
8 creatures vanquished.

Vanquished Creatures (others)
  A plant (D:1)
1 creature vanquished.

Grand Total: 9 creatures vanquished

Notes
Turn   | Place    | Note
-------+----------+-------------------------------------------
     0 | D:1      | alasdair19 the Minotaur Fighter began the quest for the
                  | Orb.
     0 | D:1      | Reached XP level 1. HP: 19/19 MP: 0/0
   240 | D:1      | Reached XP level 2. HP: 6/27 MP: 1/1
   257 | D:1      | Frozen to death by an endoplasm

Illustrated notes

Levels and vault maps discovered:
D:1:      scummos_arrival_simple_fountains, layout_loops_ring, serial_bayou,
          serial_bayou_lake_a, serial_bayou_lagoon_a, serial_bayou_pond_e,
          serial_bayou_shore_b

Action                   || total
-------------------------++-------
Melee: Long sword        ||    23
       Headbutt          ||     3
Armor: Scale mail        ||     4
Dodge: Dodged            ||     7
Block: Kite shield       ||    12
       Rpst.: Long sword ||     1
